 Dungeon Crawl Stone Soup version 0.29.1 (webtiles) character file.

Game seed: 17546152608328012891

127 QueenGhuleh the Chopper (level 4, 0/41 HPs)
             Began as a Minotaur Berserker on Sept 12, 2022.
             Was a Believer of Trog.
             Slain by Natasha (5 damage)
             ... on level 2 of the Dungeon on Sept 13, 2022.
             The game lasted 00:05:12 (1200 turns).

QueenGhuleh the Chopper (Minotaur Berserker)        Turns: 1200, Time: 00:05:12

Health: 0/41       AC:  9    Str: 24    XL:     4   Next: 85%
Magic:  3/3        EV: 10    Int:  4    God:    Trog [**....]
Gold:   84         SH:  0    Dex:  9    Spells: 3/3 levels left

rFire   . . .      SeeInvis .   g - +0 war axe
rCold   . . .      Faith    .   (no shield)
rNeg    . . .      Spirit   .   f - +2 scale mail {rPois}
rPois   +          Reflect  .   (helmet restricted)
rElec   .          Harm     .   (no cloak)
rCorr   .          Rampage  .   (no gloves)
Will    .....                   (no boots)
Stlth   ..........              (no amulet)
HPRegen 0.13/turn               (no ring)
MPRegen 0.08/turn               (no ring)

@: on berserk cooldown, slowed, very slow
A: horns 2, retaliatory headbutt
a: Renounce Religion, Berserk, Trog's Hand


You were on level 2 of the Dungeon.
You worshipped Trog.
Trog was pleased with you.
You visited 1 branch of the dungeon, and saw 2 of its levels.

You collected 84 gold pieces.

Inventory:

Hand Weapons
 g - a +0 war axe (weapon)
Armour
 f - a +2 scale mail of poison resistance (worn)
Scrolls
 a - a scroll of identify {unknown}
 b - a scroll of noise {unknown}
 e - a scroll of blinking {unknown}
 h - a scroll of magic mapping {unknown}
Potions
 c - a potion of ambrosia {unknown}
 d - 2 potions of curing {unknown}
 i - a potion of heal wounds {unknown}
 j - a potion of flight {unknown}
 k - a potion of resistance {unknown}
 l - a potion of brilliance {unknown}


   Skills:
 + Level 4.4 Fighting
 + Level 5.3 Axes
 + Level 3.9 Armour
 + Level 2.3 Dodging
 + Level 0.1 Stealth


You had 3 spell levels left.
You didn't know any spells.
Your spell library was empty.

Dungeon Overview and Level Annotations

Branches:
Dungeon (2/15)

Altars:
Cheibriados

Annotations:
D:2 Natasha


Innate Abilities, Weirdness & Mutations

You have a pair of horns on your head.
You reflexively headbutt those who attack you in melee.


Message History

You kill the gnoll!
Trog accepts your kill.
You see here a +0 spear.
You slash the worm! You headbutt the worm.
You kill the worm!
Trog accepts your kill.
You are no longer berserk.
You are exhausted.
You feel yourself slow down.
Natasha, Servant of Life and Death comes into view.
She is carrying a wand of flame (14).
You are too injured to fight recklessly!
You are too injured to fight recklessly!
Natasha hisses angrily.
Natasha stares at you and mumbles some strange words.
The magic dart hits you.
You hit Natasha.
Natasha is moderately wounded.
Natasha zaps a wand.
The puff of flame hits you but does no damage.
Natasha mewls in sadness.
Natasha closely misses you.
You closely miss Natasha. Your headbutt misses Natasha.
Natasha is moderately wounded.
Natasha casts a spell.
Natasha misses you.
You barely miss Natasha.
Natasha is moderately wounded.
You hit Natasha.
Natasha is severely wounded.
Natasha zaps a wand.
The puff of flame hits you!
* * * LOW HITPOINT WARNING * * *
Natasha claws you but does no damage. The crimson imp barely misses you.
You barely miss Natasha. Your headbutt misses Natasha.
Natasha is severely wounded.
You slash the crimson imp!
Natasha stares at you and mumbles some strange words.
The magic dart hits you but does no damage.
The crimson imp closely misses you. You furiously retaliate!
You headbutt the crimson imp. Natasha claws you.
You die...

###.#†.#.
..#########
#.#..).
..........
#.#.##. .
.........#
#.#<... ..##
#........#
#.####.
....##........#
...
............#
####
#.5h......#
#.@## # ##..##
# ##).#####...
# #.))....... #
#####.#)####...
# #.....#.### #
#.....#...# #
#.....###.## #
#.....# #..# #


You could see Natasha and a crimson imp (summoned).

Vanquished Creatures
  Natasha (D:2)
  4 gnolls (D:2)
  An adder (D:2)
  A worm (D:2)
  2 dart slugs
  2 bats (D:1)
  3 endoplasms
  4 giant cockroaches
  7 goblins
  3 hobgoblins (D:1)
  4 jackals (D:2)
  4 kobolds
  2 quokkas
  2 ball pythons
  2 frilled lizards
  5 rats
47 creatures vanquished.

Vanquished Creatures (others)
  10 plants (D:2)
10 creatures vanquished.

Grand Total: 57 creatures vanquished

Notes
Turn   | Place    | Note
-------+----------+-------------------------------------------
     0 | D:1      | QueenGhuleh the Minotaur Berserker began the quest for the
                  | Orb.
     0 | D:1      | Reached XP level 1. HP: 19/19 MP: 0/0
   308 | D:1      | Reached skill level 4 in Axes
   308 | D:1      | Reached XP level 2. HP: 22/27 MP: 1/1
   776 | D:2      | Reached XP level 3. HP: 33/33 MP: 2/2
   958 | D:2      | Noticed Natasha
   964 | D:2      | Killed Natasha
   964 | D:2      | Reached ** piety under Trog
   965 | D:2      | Reached skill level 5 in Axes
   965 | D:2      | Reached XP level 4. HP: 38/41 MP: 3/3
  1076 | D:2      | Found a snail-covered altar of Cheibriados.
  1195 | D:2      | Noticed Natasha
  1200 | D:2      | Slain by Natasha

Illustrated notes

Levels and vault maps discovered:
D:1:      saegor_arrival_simple_a, layout_rooms, minmay_domino_4
D:2:      layout_basic, serial_shops, shop, basic_altar, serial_bayou_ford_a,
          kennysheep_generic_room_10, uniq_natasha, uniq_terence

Skill      XL: |  1  2  3 |
---------------+----------+-----
Fighting       | 4 |  4.4
Axes           | 4 5 |  5.3
Armour         | 3 |  3.9
Dodging        | |  2.3
Stealth        | |  0.1

Action                   |  1- 3 |  4- 6 || total
-------------------------+-------+-------++-------
Melee: Hand axe          |    29 |       ||    29
       Headbutt          |     6 |     3 ||     9
       War axe           |    28 |    29 ||    57
Invok: Berserk           |     1 |     1 ||     2
Armor: Scale mail        |    28 |    13 ||    41
       Animal skin       |     1 |       ||     1
Dodge: Dodged            |    23 |    20 ||    43
